 Dungeon Crawl Stone Soup version 0.30-b1-2-g02819fbbbe (webtiles) character file.

Game seed: 15570732258435743708

42192 loralnil the Martial Artist (level 14, -12/103 HPs)
             Began as an Octopode Transmuter on Dec 6, 2023.
             Was a High Priest of Dithmenos.
             Mangled by a cyclops (21 damage)
             ... on level 13 of the Dungeon on Dec 7, 2023.
             The game lasted 00:50:40 (22322 turns).

loralnil the Martial Artist (Octopode Transmuter)  Turns: 22322, Time: 00:50:41

Health: -12/103    AC:  5    Str:  9    XL:     14   Next: 18%
Magic:  0/27       EV: 25    Int: 20    God:    Dithmenos [*****.]
Gold:   1308       SH:  0    Dex: 26    Spells: 1/19 levels left

rFire   + .          .
                       - Unarmed
rCold   + + .        (shield currently unavailable)
rNeg    . . .        (helmet restricted)
rPois   +            q - amulet of Departure {Spirit rCorr Str-4 Int+3}
rElec   .            o - +4 ring of protection
rCorr   +            p - ring of see invisible
SInv    +            u - ring of protection from cold
Will    +....        G - ring of magical power
Stlth   ++++++++     T - ring of protection from fire
HPRegen 0.37/turn    N - ring of Qeirumi {rPois rC+ Str+2}
MPRegen 0.20/turn    H - +6 ring of dexterity
                     P - +6 ring of dexterity

%: guardian spirit
@: blade tentacles, wreathed by umbra
A: almost no armour, amphibious, 8 rings, camouflage 1, gelatinous body 1,
(nimble swimmer 1), tentacles, tentacle spike 1
a: End Transformation, Renounce Religion, Shadow Step, Shadow Form


You were on level 13 of the Dungeon.
You worshipped Dithmenos.
Dithmenos was extremely pleased with you.
You had blades for main tentacles.
You visited 4 branches of the dungeon, and saw 21 of its levels.
You also visited: Gauntlet.

You collected 3352 gold pieces.
You spent 2044 gold pieces at shops.

Inventory:

Missiles
 V - a throwing net
Magical Staves
 y - the staff of conjuration "Hokh" {rPois rC+}
   (You found it on level 7 of the Dungeon)

   [staff of conjuration]

   Base accuracy: +5 Base damage: 5 Base attack delay: 1.2 This weapon's minimum
   attack delay (0.6) is reached at skill level 12.
   rC:        It protects you from cold.
   rPois:     It protects you from poison.
   It falls into the 'Staves' category.
   It is a one-tentacled weapon.
Jewellery
 g - a ring of fire
 o - a +4 ring of protection (left blade tentacle)
 p - a ring of see invisible (right blade tentacle)
 q - the amulet of Departure (around mantle) {Spirit rCorr Str-4 Int+3}
   (You found it in a Gauntlet)

   [amulet of guardian spirit]

   It causes incoming damage to be divided between your reserves of health and
   magic.
   Str:       It affects your strength (-4).
   Int:       It affects your intelligence (+3).
   rCorr:     It protects you from acid and corrosion.
 u - a ring of protection from cold (on tentacle)
 G - a ring of magical power (on tentacle)
 H - a +6 ring of dexterity (on tentacle)
 K - an amulet of the acrobat
 N - the ring of Qeirumi (on tentacle) {rPois rC+ Str+2}
   (You found it in a Gauntlet)

   [ring of poison resistance]

   Str:       It affects your strength (+2).
   rC:        It protects you from cold.
   rPois:     It protects you from poison.
 P - a +6 ring of dexterity (on tentacle)
 T - a ring of protection from fire (on tentacle)
 U - a ring of flight
Wands
 s - a wand of quicksilver (15)
 C - a wand of charming (14)
 I - a wand of roots (12)
 L - a wand of flame (13)
 R - a wand of digging (3)
 S - a wand of mindburst (14)
Scrolls
 b - a scroll of blinking
 e - 2 scrolls of vulnerability
 i - 2 scrolls of poison
 j - 8 scrolls of teleportation
 m - 2 scrolls of brand weapon
 v - a scroll of immolation
 z - 2 scrolls of amnesia
 B - a scroll of fear
 E - 2 scrolls of enchant armour
 J - a scroll of butterflies
 M - 2 scrolls of enchant weapon
 Q - 2 scrolls of fog
Potions
 a - 6 potions of lignification
 c - 10 potions of curing
 d - 2 potions of brilliance
 f - 3 potions of flight
 h - 3 potions of ambrosia
 k - 3 potions of haste
 l - a potion of resistance
 n - a potion of cancellation
 r - 2 potions of invisibility
 w - 3 potions of berserk rage
 x - 3 potions of might
 F - 4 potions of mutation
 O - a potion of attraction
Miscellaneous
 D - a phantom mirror


   Skills:
 + Level 12.1 Fighting
 + Level 12.4 Dodging
 - Level 6.0 Stealth
 + Level 12.4 Unarmed Combat
 - Level 3.0 Spellcasting
 - Level 5.0 Hexes
 - Level 10.0 Transmutations
 - Level 4.0 Ice Magic
 - Level 2.0 Poison Magic


You had one spell level left.
You knew the following spells:

 Your Spells              Type           Power      Damage    Failure   Level
a - Beastly Appendage     Tmut           86%        N/A       9%          1
b - Wereblood             Tmut           43%        N/A       11%         2
c - Spider Form           Tmut/Pois      27%        N/A       28%         3
d - Ensorcelled Hibernat  Hex/Ice        42%        N/A       26%         2
e - Slow                  Hex            92%        N/A       21%         1
f - Ice Form              Ice/Tmut       31%        N/A       41%         4
g - Blade Hands           Tmut           21%        N/A       36%         5

Your spell library contained the following spells:

 Spells                   Type           Power      Damage    Failure   Level
 Kiss of Death            Conj/Necr      12%        2d6       54%         1
 Confusing Touch          Hex            23%        N/A       34%         3
 Tukima's Dance           Hex            23%        N/A       34%         3
 Inner Flame              Hex/Fire       13%        N/A       56%         3
 Portal Projectile        Hex/Tloc       26%        N/A       56%         3
 Cause Fear               Hex            11%        N/A       61%         4
 Vampiric Draining        Necr           3%         2d6       80%         3
 Anguish                  Hex/Necr       6%         N/A       85%         4
 Animate Dead             Necr           3%         N/A       98%         4
 Dispel Undead            Necr           3%         3d7       98%         4
 Summon Mana Viper        Hex/Summ       13%        N/A       98%         5
 Borgnjor's Vile Clutch   Necr/Erth      1%         N/A       100%        5
 Summon Forest            Summ/Tloc      1%         N/A       100%        5
 Death Channel            Necr           1%         N/A       100%        6
 Starburst                Conj/Fire      1%         6d3       100%        6
 Summon Cactus Giant      Summ           1%         N/A       100%        6
 Enfeeble                 Hex            11%        N/A       100%        7
 Fire Storm               Conj/Fire      1%         8d1       100%        9


Dungeon Overview and Level Annotations

Branches:
Dungeon (13/15)            Temple (1/1) D:6            Lair (5/5) D:11
  Swamp (0/4) Lair:2       Spider (0/4) Lair:3          Orc (2/2) D:11
    Elf (0/3) Orc:2       Gauntlet (visited)
  Slime: Lair:4-5    Vaults: D:13-14

Altars:
Ashenzari
Cheibriados
Dithmenos
Elyvilon
Fedhas
Gozag
Hepliaklqana
Kikubaaqudgha
Makhleb
Nemelex Xobeh
Okawaru
Qazlal
Ru
Sif Muna
Trog
Uskayaw
Vehumet
Wu Jian
Xom
Yredelemnul
Zin
The Shining One

Shops:
D:2 =   D:6 !   Orc:2 ?*?((:

Annotations:
D:10 4 runed translucent doors


Innate Abilities, Weirdness & Mutations

You have blades for main tentacles.
Your spellcasting is less reliable in this form.
You are incapable of wielding weapons or throwing items.
You cannot wear most types of armour.
You are amphibious.
You can wear up to eight rings at the same time.
Your skin changes colour to match your surroundings (Stealth+).
Your rubbery body absorbs attacks. (AC +1, EV +1)
((You are camouflaged when in or above water. (Stealth+)))
You have tentacles for arms and can constrict up to eight enemies at once.
One of your tentacles bears a spike.


Message History

The efreet hits you with a +2 scimitar of flaming!!
The efreet burns you.
You slice the efreet!!
You pierce the efreet, but do no damage.
You squeeze the efreet, but do no damage.
The efreet is almost dead.
Your shadow hits the efreet.
Your main tentacles revert to their normal proportions.
You hear a shout!
The efreet gestures at you.
The fireball explodes!
The fireball engulfs you! You resist.
The fireball engulfs the efreet.
The efreet completely resists.
Unknown command.
Casting: Blade Hands (dangerous; 6% risk of failure)
Confirm with . or Enter, or press ? or * to list all spells.
Your main tentacles turn into razor-sharp scythe blades.
The efreet gestures at you. The bolt of fire hits you! You resist.
* * * LOW HITPOINT WARNING * * *
You hear an angry buzzing noise.
You hear a roar!
You slice the efreet!!
You kill the efreet!
Dithmenos accepts your kill. The cyclops misses you.
Things that are here:
a +2 war axe; a +0 plate armour You slash the cyclops!
You squeeze the cyclops, but do no damage.
The cyclops is lightly wounded.
Your shadow hits the cyclops but does no damage.
An orc comes into view. It is wielding a +0 flail.
You hit the cyclops.
You pierce the cyclops.
You squeeze the cyclops, but do no damage.
The cyclops is moderately wounded.
Your shadow hits the cyclops but does no damage.
The cyclops hits you!!
* * * LOW HITPOINT WARNING * * *
You hear a roar!
You feel better. The cyclops hits you!!
You die...

#... ..(# #..o
..[# #...o ....#
#yQ.## ##...#
#.c☼y= |....#
###..R.#....#
###.###.☼o..#
#.....###C#
###'##...@.#
##...########
##..### #..##
####'### #......#
+......###########
#......'..<.......
#......###########


You could see a cyclops and an orc warrior.

Vanquished Creatures
  Nessos (D:12)
  A minotaur (Gauntlet)
  An ettin (Orc:2)
  A hydra (Lair:3)
  2 boulder beetles
  A catoblepas (Lair:1)
  A centaur warrior (D:13)
  5 two-headed ogres
  A death scarab (Gauntlet)
  Sonja (D:11)
  2 skysharks
  A spectral death yak (Gauntlet)
  3 wizards
  Pikel (D:4)
  6 orc knights
  2 bog bodies (Lair:2)
  2 orc sorcerers
  An ugly thing (D:13)
  2 cyclopes (D:12)
  A manticore (D:11)
  A torpor snail (Lair:3)
  A black mamba (Lair:4)
  2 gargoyles (D:12)
  Maggie (Lair:2)
  7 cane toads
  An efreet (D:13)
  A komodo dragon (Lair:3)
  A kobold demonologist (D:9)
  3 rime drakes
  2 unseen horrors
  2 meliai (D:12)
  4 trolls
  A polar bear (Lair:3)
  A hornet (D:11)
  2 centaur simulacra (Gauntlet)
  2 wraiths
  2 wyverns (D:9)
  3 basilisks
  14 yaks
  2 steam dragons
  6 vampire mosquitoes
  2 swamp worms (Lair:2)
  A harpy simulacrum (Gauntlet)
  7 wargs
  4 acid dragons
  9 water moccasins
  A hydra simulacrum (Gauntlet)
  3 ice beasts
  A meliai simulacrum (Gauntlet)
  38 orc warriors
  3 black bears
  6 ogres
  11 wolves
  A lemure (D:4)
  16 centaurs
  5 kobold brigands
  9 bullfrogs
  6 scorpions
  7 wights
  4 killer bees (D:8)
  An electric eel (Lair:2)
  3 vampire bats (D:6)
  4 howler monkeys
  3 jellies
  A hound (D:5)
  Crazy Yiuf (D:7)
  11 orc priests
  A sleepcap (D:7)
  A gnoll bouda (D:8)
  Ijyb (D:5)
  16 orc wizards
  13 gnolls
  4 adders
  4 shadow imps
  2 white imps (Gauntlet)
  2 ufetubi (D:7)
  4 worms
  A dart slug (D:1)
  51 orcs
  12 bats
  7 endoplasms
  5 giant cockroaches
  6 goblins
  5 hobgoblins
  13 kobolds
  4 quokkas
  10 ball pythons
  2 frilled lizards (D:3)
  9 rats
426 creatures vanquished.

Vanquished Creatures (others)
  An orc wizard (D:10)
  An orc (Orc:2)
  3 fungi (Lair:4)
  A plant (Lair:4)
6 creatures vanquished.

Grand Total: 432 creatures vanquished

Notes
Turn   | Place    | Note
-------+----------+-------------------------------------------
     0 | D:1      | loralnil the Octopode Transmuter began the quest for the
                  | Orb.
     0 | D:1      | Reached XP level 1. HP: 13/13 MP: 3/3
   451 | D:1      | Reached XP level 2. HP: 18/18 MP: 3/5
  1018 | D:2      | Reached XP level 3. HP: 23/23 MP: 4/6
  1021 | D:2      | Learned a level 2 spell: Wereblood
  1025 | D:2      | Learned a level 3 spell: Spider Form
  1031 | D:2      | Found Ebbos's Jewellery Shop.
  1254 | D:2      | Reached XP level 4. HP: 29/29 MP: 3/7
  1260 | D:2      | Reached skill level 1 in Poison Magic
  2370 | D:3      | Found a blossoming altar of Fedhas.
  2373 | D:3      | Found a radiant altar of Vehumet.
  2374 | D:3      | Found an ornate altar of the Wu Jian Council.
  2375 | D:3      | Found a basalt altar of Yredelemnul.
  2376 | D:3      | Found a bloodstained altar of Trog.
  2610 | D:4      | Reached XP level 5. HP: 28/34 MP: 6/9
  2876 | D:4      | Found a stormy altar of Qazlal.
  2877 | D:4      | Found an opulent altar of Gozag.
  2879 | D:4      | Found a glowing silver altar of Zin.
  3154 | D:5      | Entered Level 5 of the Dungeon
  3154 | D:5      | Noticed Ijyb
  3170 | D:5      | Killed Ijyb
  3244 | D:5      | Found an iron altar of Okawaru.
  3325 | D:5      | Noticed a lemure
  3325 | D:5      | Noticed a lemure
  3325 | D:5      | Noticed a lemure
  3326 | D:5      | Noticed Pikel
  3347 | D:4      | Killed a lemure
  3360 | D:4      | Killed Pikel
  3361 | D:4      | Reached XP level 6. HP: 17/42 MP: 6/10
  3361 | D:4      | Reached XP level 7. HP: 19/46 MP: 6/11
  3463 | D:4      | Learned a level 2 spell: Ensorcelled Hibernation
  3616 | D:5      | Reached skill level 1 in Ice Magic
  3826 | D:5      | Reached XP level 8. HP: 49/54 MP: 8/12
  4069 | D:6      | Reached skill level 5 in Unarmed Combat
  4140 | D:6      | Reached skill level 5 in Dodging
  4390 | D:6      | Reached skill level 5 in Transmutations
  4470 | D:6      | Found Coucik's Distillery.
  4477 | D:6      | Bought 2 potions of curing for 72 gold pieces
  4523 | D:6      | Found a staircase to the Ecumenical Temple.
  4552 | Temple   | Entered the Ecumenical Temple
  4559 | Temple   | Became a worshipper of Dithmenos the Shadowed
  5226 | D:7      | Learned a level 1 spell: Slow
  5250 | D:7      | Learned a level 4 spell: Ice Form
  5256 | D:7      | Reached XP level 9. HP: 60/60 MP: 11/13
  5279 | D:7      | Reached skill level 5 in Fighting
  5506 | D:7      | Identified the staff of conjuration "Hokh" {rPois rC+}
  6035 | D:7      | Found a runed translucent door.
  6036 | D:7      | Noticed Crazy Yiuf
  6045 | D:7      | Killed Crazy Yiuf
  6046 | D:7      | Identified the +1 hammer "Zicseg" {heavy, *Rage rElec rN+
                  | Dex+7}
  6916 | D:8      | Identified the +9 long sword of Lachrymose Expedience
                  | {flame, rCorr Str+3}
  7011 | D:8      | Found a glowing golden altar of the Shining One.
  8071 | D:9      | Noticed a kobold demonologist
  8079 | D:9      | Noticed a soul eater
  8084 | D:9      | Noticed a soul eater
  8087 | D:9      | Killed a kobold demonologist
  8088 | D:9      | Reached XP level 10. HP: 25/69 MP: 11/14
  8256 | D:9      | Reached * piety under Dithmenos
  8776 | D:9      | Noticed a wizard
  8816 | D:9      | Killed a wizard
  9078 | D:10     | Entered Level 10 of the Dungeon
  9228 | D:10     | Found a runed translucent door.
  9233 | D:10     | Noticed a two-headed ogre
  9249 | D:10     | Killed a two-headed ogre
  9590 | D:10     | Found a runed translucent door.
  9674 | D:10     | Found a runed translucent door.
  9693 | D:10     | Found a runed translucent door.
  9728 | D:10     | Noticed a two-headed ogre
  9740 | D:10     | Killed a two-headed ogre
 10054 | D:10     | Reached XP level 11. HP: 71/77 MP: 15/15
 10248 | D:10     | Noticed a two-headed ogre
 10260 | D:10     | Killed a two-headed ogre
 10547 | D:11     | Reached ** piety under Dithmenos
 10784 | D:11     | Found a staircase to the Orcish Mines.
 10910 | D:11     | Identified the +8 eveningstar of the Tundras {drain, Int+2}
 10935 | D:11     | Noticed Sonja
 11001 | D:11     | Killed Sonja
 11312 | D:11     | Noticed a manticore
 11324 | D:11     | Killed a manticore
 11442 | D:11     | Found a staircase to the Lair.
 12212 | D:12     | Noticed a cyclops
 12225 | D:12     | Killed a cyclops
 12381 | D:12     | Noticed Nessos
 12388 | D:12     | Noticed a centaur warrior
 12443 | Lair:1   | Entered Level 1 of the Lair of Beasts
 13063 | Lair:1   | Reached XP level 12. HP: 63/85 MP: 16/16
 13181 | Lair:1   | Noticed a catoblepas
 13198 | Lair:1   | Killed a catoblepas
 13313 | Lair:1   | Reached *** piety under Dithmenos
 13655 | Lair:2   | Reached skill level 10 in Unarmed Combat
 13760 | Lair:2   | Found a staircase to the Swamp.
 13774 | Lair:2   | Reached skill level 10 in Dodging
 14070 | Lair:2   | You fall into a shaft and drop 1 floor!
 14169 | Lair:2   | Noticed a skyshark
 14184 | Lair:2   | Killed a skyshark
 14185 | Lair:2   | Reached skill level 1 in Stealth
 14257 | Lair:2   | Noticed Maggie
 14260 | Lair:2   | Reached skill level 10 in Transmutations
 14267 | Lair:2   | Killed Maggie
 14268 | Lair:2   | Reached skill level 1 in Hexes
 14571 | Lair:3   | Noticed a five-headed hydra
 14582 | Lair:3   | Killed a five-headed hydra
 14677 | Lair:3   | Reached skill level 10 in Fighting
 14700 | Lair:3   | Noticed a skyshark
 14735 | Lair:3   | Killed a skyshark
 14908 | Lair:3   | Noticed a boulder beetle
 14914 | Lair:3   | Killed a boulder beetle
 15372 | Lair:3   | Found a hole to the Spider Nest.
 15670 | Lair:4   | Reached XP level 13. HP: 93/93 MP: 17/17
 15703 | Lair:4   | Found a gate leading to a gauntlet.
 15739 | Gauntlet | Entered a Gauntlet
 15739 | Gauntlet | Found a large runed translucent door.
 15739 | Gauntlet | Found a large runed translucent door.
 15739 | Gauntlet | Found a large runed translucent door.
 15739 | Gauntlet | Found a large runed translucent door.
 15739 | Gauntlet | Found a large runed translucent door.
 15739 | Gauntlet | Found a large runed translucent door.
 15739 | Gauntlet | Found a runed translucent door.
 15739 | Gauntlet | Found a transporter.
 15739 | Gauntlet | Found a transporter.
 15739 | Gauntlet | Found a runed translucent door.
 15739 | Gauntlet | Found a large runed translucent door.
 15739 | Gauntlet | Found a large runed translucent door.
 15739 | Gauntlet | Found a large runed translucent door.
 15739 | Gauntlet | Found a large runed translucent door.
 15739 | Gauntlet | Found a large runed translucent door.
 15739 | Gauntlet | Found a large runed translucent door.
 15744 | Gauntlet | Found a transporter.
 15759 | Gauntlet | Found a transporter.
 15773 | Gauntlet | Found a transporter.
 15784 | Gauntlet | Found the +12 pair of quick blades "Gyre" and "Gimble"
                  | {protect}
 15786 | Gauntlet | Found a transporter.
 15804 | Gauntlet | Found a transporter.
 15879 | Gauntlet | Found a large runed translucent door.
 15879 | Gauntlet | Found a large runed translucent door.
 15880 | Gauntlet | Found a runed translucent gate.
 15880 | Gauntlet | Found a runed translucent gate.
 15880 | Gauntlet | Found a runed translucent gate.
 15882 | Gauntlet | Found a transporter.
 15892 | Gauntlet | Found a large runed translucent door.
 15893 | Gauntlet | Found a large runed translucent door.
 15897 | Gauntlet | Found a transporter.
 15912 | Gauntlet | Found a transporter.
 15925 | Gauntlet | Found a transporter.
 15944 | Gauntlet | Found a transporter.
 16019 | Gauntlet | Found a transporter.
 16022 | Gauntlet | Found a transporter.
 16029 | Gauntlet | Found a transporter.
 16033 | Gauntlet | Found a transporter.
 16115 | Gauntlet | Reached skill level 5 in Stealth
 16334 | Gauntlet | Reached **** piety under Dithmenos
 16370 | Gauntlet | Identified the amulet of Departure {Spirit rCorr Str-4
                  | Int+3}
 16573 | Gauntlet | Identified the ring of Qeirumi {rPois rC+ Str+2}
 16637 | Gauntlet | Noticed a minotaur
 16655 | Gauntlet | Killed a minotaur
 16659 | Gauntlet | Got the Folio of the Pyromaniac
 17158 | Lair:5   | Entered Level 5 of the Lair of Beasts
 17915 | Orc:1    | Entered Level 1 of the Orcish Mines
 18001 | Orc:1    | Found a radiant altar of Vehumet.
 18363 | D:11     | Paralysed by an orc sorcerer for 5 turns
 19183 | Orc:2    | Entered Level 2 of the Orcish Mines
 19250 | Orc:1    | Reached skill level 5 in Hexes
 19766 | D:11     | Reached ***** piety under Dithmenos
 20068 | Orc:2    | Found Zum Usipn's Self-Improvement Boutique.
 20164 | Orc:2    | Noticed an ettin
 20181 | Orc:2    | Killed an ettin
 20589 | Orc:2    | Found Uduruggo's Magic Scroll Boutique.
 20597 | Orc:2    | Bought a scroll of identify for 24 gold pieces
 20597 | Orc:2    | Bought a scroll of identify for 24 gold pieces
 20597 | Orc:2    | Identified a scroll of acquirement
 20599 | Orc:2    | Acquired 1184 gold pieces
 20617 | Orc:2    | Found a staircase to the Elven Halls.
 20707 | Orc:2    | Found Nuopuholl's Magic Scroll Shoppe.
 20707 | Orc:2    | Found Batt's Weapon Boutique.
 20707 | Orc:2    | Found Poschesm's Weapon Shop.
 20711 | Orc:2    | Found Ruoxeh Iwkio's Assorted Antiques.
 20715 | Orc:2    | Bought a scroll of identify for 26 gold pieces
 20715 | Orc:2    | Bought 2 scrolls of identify for 52 gold pieces
 20715 | Orc:2    | Bought a scroll of identify for 26 gold pieces
 20719 | Orc:2    | Gained mutation: One of your tentacles bears a spike.
                  | [potion of mutation]
 20722 | Orc:2    | Bought a scroll of acquirement for 1820 gold pieces
 20722 | Orc:2    | Acquired a book of Weapons
 20730 | Orc:2    | Learned a level 5 spell: Blade Hands
 21530 | D:12     | Reached XP level 14. HP: 95/102 MP: 18/18
 22001 | D:12     | Killed Nessos
 22321 | D:13     | HP: 3/103 [cyclops (20)]
 22322 | D:13     | Mangled by a cyclops

Illustrated notes

Levels and vault maps discovered:
D:1:      lemuel_arrival_funnel, layout_loops_corners, minmay_3d_cube
D:2:      layout_basic, serial_shops, shop
D:3:      layout_loops_ring, grunt_temple_overflow_open
D:4:      layout_rooms, gammafunk_temple_overflow_forgotten, chequers_jeans
D:5:      layout_loops_ring, mainiacjoe_overflow_small_starburst, uniq_ijyb,
          uniq_pikel
D:6:      layout_rooms, minmay_temple_entry_slanted, serial_shops,
          kennysheep_little_box, roderic_batcave
D:7:      layout_layer_cave, uniq_crazy_yiuf_cottage
D:8:      layout_basic, mainiacjoe_overflow_alcove_2
D:9:      layout_grid_maze, dreamdust_mushroom_princess
D:10:     layout_irregular_city, minmay_statue_crystal_thing, uniq_urug
D:11:     layout_loops_ring, erik_lair_orcish_takeover, erik_orc_3, uniq_sonja
D:12:     layout_irregular_city, uniq_nessos
D:13:     layout_roguey [special_room_orc], grunt_vaults_entry_tiered,
          grunt_potential
Temple:   nicolae_temple_no_exploring_needed
Lair:1:   layout_regular_city
Lair:2:   layout_hall_layers, nicolae_swamp_entry_splash_gauntlet, uniq_maggie
Lair:3:   layout_roguey, nicolae_spider_entry_non_spiders
Lair:4:   layout_cave_pods, gauntlet_entry_generic, infiniplex_staircase_pool_2,
          grunt_megastairs_3, serial_bayou_shore_b
Lair:5:   minmay_lair_end_enchanted_forest, layout_gridlike, slime_entry_1,
          chequers_serial_rivers_room_b, chequers_serial_rivers_marsh,
          patterned_corridor
Orc:1:    layout_diamond_mine, basic_altar
Orc:2:    st_orc_rangers, layout_caves, serial_shops,
          nicolae_shop_tiny_waterfront, nicolae_shop_self_help

Skill      XL: |  1  2  3  4  5  6  7  8  9 10 11 12 13 14 |
---------------+-------------------------------------------+-----
Poison Magic   | 1 2 |  2.0
Fighting       | 2 3 4 6 7 9 10 11 12 | 12.1
Transmutations | 4 5 6 8 9 10 | 10.0
Dodging        | 4 5 6 8 9 10 12 | 12.4
Unarmed Combat | 4 5 6 8 9 10 12 | 12.4
Spellcasting   | 3 |  3.0
Ice Magic      | 1 3 4 |  4.0
Stealth        | 4 6 |  6.0
Hexes          | 3 5 |  5.0

Action                     |  1- 3 |  4- 6 |  7- 9 | 10-12 | 13-15 || total
---------------------------+-------+-------+-------+-------+-------++-------
  Melee: Unarmed           |    64 |   111 |   252 |   622 |   566 ||  1615
         Kick              |    19 |    16 |    16 |    17 |    34 ||   102
         Constrict         |    15 |    11 |     8 |    13 |    11 ||    58
         Tentacles         |    11 |    10 |    12 |    12 |    24 ||    69
         Punch             |     3 |       |     3 |     2 |     9 ||    17
   Cast: Beastly Appendage |    21 |    27 |    10 |     5 |       ||    63
         Spider Form       |     1 |     4 |    26 |    49 |    33 ||   113
         Ice Form          |       |       |     1 |    11 |     7 ||    19
         Slow              |       |       |       |     1 |     1 ||     2
         Blade Hands       |       |       |       |       |    12 ||    12
         Ensorcelled Hiber |       |       |       |       |     1 ||     1
    Use: Scroll            |       |    10 |     2 |     8 |    14 ||    34
         Potion            |       |     1 |       |     3 |     4 ||     8
   Stab: Sleeping          |     5 |    10 |     4 |     8 |     7 ||    34
 Armour: Skin              |     5 |    18 |    42 |    59 |    33 ||   157
  Dodge: Dodged            |    36 |    70 |   222 |   643 |   894 ||  1865
